Map: Nightshade LE

Players

Nigrnog - Winner!

  • Race: Zerg Zerg
  • League: Silver
  • Spawn Location: 5:00

MooEsqoo

  • Race: Zerg Zerg
  • Spawn Location: 11:00

VOD

Have the link to the VOD?

Description

Time

  • Played on: Dec. 22, 2019, 4:02 a.m.
  • Length: 7:14
Show
View Real Time Build Order
Export as new Build Order

Nigrnog Zerg - Winner!

Build Orders: Pool First, Zergling Baneling 

Get SALT Encoding   

  12  0:01  Drone  
  13  0:13  Overlord  
  13  0:20  Drone  
  14  0:34  Spawning Pool  
  13  0:37  Drone  
  13  0:41  Drone  
  15  0:45  Drone  
  16  0:52  Extractor  
  16  0:53  Drone  
  16  1:00  Drone  
  17  1:11  Overlord  
  17  1:21  Queen  
  19  1:28  Drone  
  20  1:42  Hatchery  
  20  1:43  Zergling x2  
  20  1:46  Zergling x2  
  21  2:05  Baneling Nest  
  21  2:07  Zergling x2  
  21  2:08  Zergling x2  
  22  2:23  Metabolic Boost  
  22  2:24  Overlord  
  22  2:26  Zergling x2  
  23  2:41  Queen  
  25  2:56  Baneling  
  25  3:00  Zergling x8  
  25  3:02  Baneling  
  29  3:07  Baneling  
  29  3:09  Zergling x4  
  29  3:10  Zergling x2  
  32  3:17  Zergling x4  
  34  3:21  Drone  
  33  3:39  Baneling  
  33  3:40  Baneling x4  
  32  3:42  Zergling x4  
  32  3:43  Zergling x2  
  35  3:51  Drone x2  
  34  4:13  Zergling x12  
  39  4:34  Zergling x6  
  39  4:35  Zergling x2  
  33  4:48  Queen  
  33  4:51  Baneling  
  35  4:52  Baneling  
  35  4:53  Baneling x2  
  35  4:54  Zergling x8  
  39  5:01  Queen  
  35  5:23  Zergling x6  
  35  5:24  Zergling x4  
  36  5:30  Baneling x4  
  36  5:32  Zergling x2  
  37  5:38  Zergling x4  
  39  5:49  Lair  
  35  6:15  Zergling x8  
  35  6:16  Zergling x10  
  44  6:19  Baneling x3  
  44  6:20  Baneling x2  
  44  6:29  Extractor  
  44  6:32  Zergling x2  
  44  6:34  Overlord  
Show
View Real Time Build Order
Export as new Build Order

MooEsqoo Zerg 

Build Orders: Hatch First 

Get SALT Encoding   

  12  0:02  Drone  
  13  0:15  Overlord  
  13  0:20  Drone  
  14  0:34  Drone  
  14  0:35  Drone  
  16  0:38  Drone  
  17  0:49  Drone  
  18  1:02  Drone  
  19  1:07  Extractor  
  19  1:08  Hatchery  
  17  1:13  Drone  
  18  1:20  Spawning Pool  
  18  1:23  Drone  
  18  1:31  Drone  
  19  1:46  Overlord  
  19  2:03  Drone  
  19  2:06  Queen  
  19  2:08  Zergling x2  
  23  2:15  Zergling x2  
  24  2:21  Zergling x2  
  25  2:31  Zergling x2  
  25  2:34  Zergling x2  
  25  2:36  Metabolic Boost  
  27  2:38  Queen  
  29  2:51  Zergling x4  
  29  2:55  Zergling x2  
  29  2:57  Hatchery, Zergling x2  
  32  3:00  Zergling x2  
  33  3:06  Zergling x2  
  34  3:19  Drone x2  
  36  3:21  Overlord  
  28  3:39  Zergling x2  
  28  3:40  Zergling x4, Drone  
  28  3:41  Drone x2  
  34  3:50  Zergling x2  
  34  3:51  Drone x3  
  36  4:05  Zergling x8  
  28  4:17  Zergling x10  
  31  4:27  Zergling x2  
  31  4:28  Zergling x6  
  35  4:36  Zergling x2  
  32  4:48  Zergling x6  
  32  4:49  Zergling x2  
  36  4:54  Queen  
  38  5:04  Queen  
  29  5:22  Zergling x4  
  29  5:23  Zergling x4, Drone  
  33  5:31  Queen  
  35  5:45  Zergling x8  
  32  6:15  Zergling x2  
  32  6:16  Zergling x12  
  32  6:17  Zergling x2  
  40  6:33  Extractor  
  40  6:37  Roach Warren  
Tags
 
League
Silver
Matchup
ZvZ
Race
Zerg
Spawn Locations
Cross Positions
Add a new tag
Caveats
  • Supply blocks, unpowered buildings, or Contaminate may cause inaccurate times.
  • Supply counts are checked every 10 seconds.